 Dungeon Crawl Stone Soup version 0.28.0-53-g5a82cb258f (webtiles) character file.

Game seed: 10683765777221498834

13612 cbfl8 the Cleaver (level 11, 0/151 HPs)
             Began as a Minotaur Berserker on July 26, 2022.
             Was an Elder of Trog.
             Slain by an entropy weaver simulacrum (25 damage)
             ... in an ice cave.
             The game lasted 00:22:12 (15867 turns).

cbfl8 the Cleaver (Minotaur Berserker)             Turns: 15867, Time: 00:22:13

Health: 0/151      AC: 25    Str: 29    XL:     11   Next: 77%
Magic:  10/10      EV:  2    Int:  4    God:    Trog [****..]
Gold:   633        SH:  0    Dex: 19    Spells: 10/10 levels left

rFire   . . .      SeeInvis .   A - +0 war axe
rCold   . . .      Faith    .   (no shield)
rNeg    . . .      Spirit   .   (armour currently unavailable)
rPois   +          Reflect  .   (helmet currently unavailable)
rElec   .          Harm     .   (cloak currently unavailable)
rCorr   .          Rampage  .   (gloves currently unavailable)
Will    .....      NoTele   +   (boots currently unavailable)
Stlth   ++++......              (no amulet)
HPRegen 0.35/turn               H - +6 ring of strength
MPRegen 0.12/turn               u - +6 ring of dexterity

@: tree-form, on berserk cooldown
A: stationary, stasis, torment immunity, boosted hp, (horns 2), (retaliatory
headbutt)
a: Renounce Religion, Berserk, Trog's Hand, Brothers in Arms


You were in an ice cave.
You worshipped Trog.
Trog was greatly pleased with you.
You were a tree.
You visited 1 branch of the dungeon, and saw 14 of its levels.
You also visited: Ossuary, Gauntlet and Ice Cave.

You collected 633 gold pieces.

Inventory:

Hand Weapons
 a - a +0 hand axe of flaming
 A - a +0 war axe (weapon)
Missiles
 M - 3 silver javelins
Armour
 g - a +0 chain mail
 k - a +0 cloak (melded)
 x - a +0 plate armour
 y - a +2 hat (melded)
 z - a +1 plate armour of cold resistance (melded)
 E - a +1 pair of gloves (melded)
 K - a +2 hat
 N - the +0 ring mail of Tulips {Rampage rPois Str-4}
   (You took it off a minotaur in a Gauntlet)

   Str:       It affects your strength (-4).
   rPois:     It protects you from poison.
   Rampage:   It bestows one free step when moving towards enemies.
Jewellery
 s - a ring of protection from cold
 u - a +6 ring of dexterity (right branch)
 H - a +6 ring of strength (left branch)
Wands
 b - a wand of paralysis (14) (quivered)
 f - a wand of iceblast (6)
 j - a wand of polymorph (4)
 r - a wand of flame (56)
 D - a wand of digging (9)
 F - a wand of acid (4)
 I - a wand of mindburst (3)
Scrolls
 i - 5 scrolls of enchant weapon
 l - a scroll of enchant armour {unknown}
 o - a scroll of vulnerability {unknown}
 p - a scroll of noise {unknown}
 q - 4 scrolls of immolation
 B - 2 scrolls of fog {unknown}
 C - 5 scrolls of teleportation
 L - 2 scrolls of identify
 P - a scroll of fear {unknown}
Potions
 c - 4 potions of might
 d - 3 potions of lignification
 e - 5 potions of flight
 h - 6 potions of curing
 m - 3 potions of haste
 t - a potion of invisibility {unknown}
 v - a potion of mutation {unknown}
 G - a potion of attraction {unknown}
Miscellaneous
 J - a box of beasts
 O - a phial of floods


   Skills:
 * Level 10.9 Fighting
 + Level 11.7 Axes
 + Level 9.8 Armour
 * Level 8.1 Dodging
 * Level 6.7 Stealth
 * Level 5.8 Evocations


You had 10 spell levels left.
You didn't know any spells.
Your spell library was empty.

Dungeon Overview and Level Annotations

Branches:
Dungeon (14/15)            Temple (0/1) D:5            Lair (0/6) D:10
    Orc (0/2) D:12        Ossuary (visited)           IceCv (1/1)
Gauntlet (visited)
 Vaults: D:13-14

Altars:
Ashenzari
Cheibriados
Dithmenos
Gozag
Qazlal
Ru
Uskayaw
Vehumet
Wu Jian

Shops:
D:7 [


Innate Abilities, Weirdness & Mutations

You are a tree.
Your roots penetrate the ground, keeping you stationary.
You cannot be teleported.
You are immune to unholy pain and torment.
Your maximum health is greatly increased.
Your equipment is partially melded.
((You have a pair of horns on your head.))
((You reflexively headbutt those who attack you in melee.))


Message History

You feel much better.
Really quaff the potion of lignification?
You turn into a tree.
Your +0 cloak melds into your body.
Your +2 hat melds into your body.
Your +1 pair of gloves melds into your body.
Your +1 plate armour of cold resistance melds into your body.
You feel less resistant to cold.
Your roots penetrate the ground.
You carefully extract the barbed spikes from your body.
Aiming: Paralyse
Press: ? - help, Q - select action, (/) - cycle Shift-Dir - straight line, f - entropy weaver simulacrum
Aim: an entropy weaver simulacrum (chance to affect: 66%)
The entropy weaver simulacrum suddenly stops moving!
The entropy weaver simulacrum is no longer paralysed.
The entropy weaver simulacrum hits you but does no damage. x2
The entropy weaver simulacrum completely misses you.
The entropy weaver simulacrum hits you but does no damage.
The entropy weaver simulacrum completely misses you.
The entropy weaver simulacrum hits you but does no damage.
The entropy weaver simulacrum completely misses you.
The entropy weaver simulacrum hits you but does no damage.
The entropy weaver simulacrum hits you but does no damage. x2
The entropy weaver simulacrum hits you.
The entropy weaver simulacrum freezes you!!
* * * LOW HITPOINT WARNING * * *
The entropy weaver simulacrum hits you but does no damage.
The ugly thing simulacrum hits you but does no damage.
The entropy weaver simulacrum hits you but does no damage. x4
You slash the ugly thing simulacrum! You punch the ugly thing simulacrum.
The ugly thing simulacrum is heavily damaged.
You slash the entropy weaver simulacrum!
The ugly thing simulacrum hits you but does no damage.
The entropy weaver simulacrum hits you but does no damage. x4
You hit the ugly thing simulacrum.
The ugly thing simulacrum is severely damaged.
You hit the entropy weaver simulacrum.
You feel yourself speed up. The entropy weaver simulacrum hits you.
* * * LOW HITPOINT WARNING * * *
The entropy weaver simulacrum freezes you!!
You die...

### ##♣##
#Z.##ZZ.#
#.....∩∩#
#..##...#
#. ##.##
#. ### #


You could see an ugly thing simulacrum and an entropy weaver simulacrum.

Vanquished Creatures
  A minotaur (Gauntlet)
  A boulder beetle (D:14)
  A centaur warrior (D:14)
  A two-headed ogre (D:10)
  A cyclops (D:14)
  An apocalypse crab (Gauntlet)
  An unseen horror (D:11)
  Maggie (D:6)
  An unseen horror (shapeshifter) (D:14)
  Psyche (D:8)
  A rime drake (Gauntlet)
  2 trolls
  2 hornets
  A raiju (Gauntlet)
  Sigmund (D:2)
  A wyvern (D:8)
  3 wraiths
  14 yaks
  5 steam dragons
  An acid dragon (D:8)
  2 water moccasins
  2 black bears
  5 orc warriors
  A sky beast (D:6)
  3 necrophages
  4 ogres
  12 centaurs
  3 kobold brigands
  A bullfrog (D:7)
  An elf zombie (Ossuary)
  A two-headed ogre simulacrum (D:12)
  An elephant simulacrum (D:12)
  A water moccasin skeleton (D:5)
  7 killer bees (D:8)
  9 wights
  3 centaur zombies
  A hound (D:5)
  3 orc priests
  A bullfrog skeleton (D:5)
  2 jellies
  A centaur skeleton (D:6)
  A gnoll shaman (D:6)
  3 iguanas
  Terence (D:2)
  2 orc wizards
  3 polar bear simulacra (D:12)
  2 troll simulacra (D:12)
  2 hound skeletons
  3 mummies (Ossuary)
  A howler monkey zombie (D:9)
  Robin (D:2)
  12 gnolls
  A howler monkey skeleton (D:6)
  4 adders
  A naga simulacrum (D:12)
  2 shadow imps
  A white imp (D:6)
  An ufetubus (D:6)
  A worm (D:3)
  4 dart slugs
  25 orcs
  11 endoplasms
  A giant cockroach (D:1)
  A gnoll zombie (Ossuary)
  16 goblins
  6 hobgoblins
  3 jackals (D:2)
  2 quokkas
  4 ball pythons
  8 bats
  3 frilled lizards
  4 goblin zombies
  4 hobgoblin zombies (Ossuary)
  14 kobolds
  6 kobold zombies (Ossuary)
  6 rats
265 creatures vanquished.

Vanquished Creatures (others)
  An orc (D:8)
  A plant (Gauntlet)
2 creatures vanquished.

Grand Total: 267 creatures vanquished

Notes
Turn   | Place    | Note
-------+----------+-------------------------------------------
     0 | D:1      | cbfl8 the Minotaur Berserker began the quest for the Orb.
     0 | D:1      | Reached XP level 1. HP: 19/19 MP: 0/0
   264 | D:1      | Reached skill level 4 in Axes
   526 | D:1      | Reached XP level 2. HP: 23/27 MP: 1/1
  1283 | D:1      | Found a faded altar of an unknown god.
  1574 | D:2      | Reached XP level 3. HP: 32/33 MP: 2/2
  1645 | D:2      | Noticed Robin
  1650 | D:2      | Reached ** piety under Trog
  1656 | D:2      | Killed Robin
  1974 | D:2      | Noticed Terence
  1979 | D:2      | Reached XP level 4. HP: 34/41 MP: 3/3
  1987 | D:2      | Killed Terence
  2136 | D:2      | Reached skill level 5 in Axes
  2353 | D:2      | Reached skill level 1 in Stealth
  2353 | D:2      | Reached XP level 5. HP: 44/47 MP: 4/4
  2381 | D:2      | Noticed Sigmund
  2389 | D:2      | Killed Sigmund
  2390 | D:2      | Reached skill level 5 in Fighting
  2390 | D:2      | Reached XP level 6. HP: 56/56 MP: 5/5
  2930 | D:3      | Found a shadowy altar of Dithmenos.
  3246 | D:3      | Reached skill level 6 in Axes
  3483 | D:3      | Found a radiant altar of Vehumet.
  3736 | D:3      | Found a sacrificial altar of Ru.
  3772 | D:3      | Found an ornate altar of the Wu Jian Council.
  3963 | D:4      | You fall into a shaft and drop 1 floor!
  3963 | D:5      | Entered Level 5 of the Dungeon
  4003 | D:4      | Found an opulent altar of Gozag.
  4049 | D:4      | Found a sand-covered staircase.
  4057 | Ossuary  | Entered an ossuary
  4057 | Ossuary  | Noticed a wraith
  4057 | Ossuary  | Noticed a wraith
  4057 | Ossuary  | Noticed a wraith
  4080 | Ossuary  | Reached *** piety under Trog
  4081 | Ossuary  | Reached XP level 7. HP: 54/61 MP: 6/6
  4383 | Ossuary  | Noticed a wraith
  4393 | Ossuary  | Killed a wraith
  4394 | Ossuary  | Reached skill level 1 in Evocations
  4901 | D:4      | Reached skill level 7 in Axes
  5574 | D:5      | Noticed a +0 dagger
  5575 | D:5      | Found a hide-covered altar of Uskayaw.
  5575 | D:5      | Noticed a +0 hand axe
  5660 | D:5      | Found a broken altar of Ashenzari.
  5711 | D:5      | Found a staircase to the Ecumenical Temple.
  5776 | D:5      | Reached XP level 8. HP: 42/71 MP: 7/7
  5980 | D:5      | Found a snail-covered altar of Cheibriados.
  6256 | D:6      | Reached skill level 5 in Armour
  6717 | D:6      | Reached skill level 8 in Axes
  6912 | D:6      | Found a stormy altar of Qazlal.
  6953 | D:6      | Reached skill level 5 in Dodging
  7578 | D:6      | Noticed Maggie
  7599 | D:6      | Reached XP level 9. HP: 25/79 MP: 8/8
  7600 | D:6      | Killed Maggie
  8377 | D:7      | Found Solot's Armour Shop.
  8638 | D:7      | Reached **** piety under Trog
  9145 | D:8      | Reached skill level 9 in Axes
  9821 | D:8      | Noticed Psyche
  9868 | D:8      | Reached XP level 10. HP: 77/89 MP: 9/9
  9869 | D:8      | Killed Psyche
 10890 | D:9      | Reached skill level 5 in Stealth
 11478 | D:9      | Reached skill level 10 in Axes
 12755 | D:10     | Entered Level 10 of the Dungeon
 12902 | D:10     | Found a staircase to the Lair.
 12960 | D:10     | Reached XP level 11. HP: 87/99 MP: 10/10
 13226 | D:10     | Reached skill level 10 in Fighting
 13226 | D:10     | Reached skill level 5 in Evocations
 13469 | D:10     | Noticed a two-headed ogre
 13477 | D:10     | Killed a two-headed ogre
 13785 | D:11     | Reached skill level 11 in Axes
 14322 | D:11     | You fall into a shaft and drop 3 floors!
 14326 | D:14     | Noticed a boulder beetle
 14339 | D:14     | Killed a boulder beetle
 14353 | D:14     | Found a gate leading to a gauntlet.
 14366 | Gauntlet | Entered a Gauntlet
 14366 | Gauntlet | Found a transporter.
 14366 | Gauntlet | Found a runed translucent gate.
 14366 | Gauntlet | Found a transporter.
 14366 | Gauntlet | Found a runed translucent gate.
 14524 | Gauntlet | Found a runed translucent gate.
 14537 | Gauntlet | Found a transporter.
 14541 | Gauntlet | Found a transporter.
 14549 | Gauntlet | Found a transporter.
 14553 | Gauntlet | Found a transporter.
 14562 | Gauntlet | Found a transporter.
 14578 | Gauntlet | Found a transporter.
 14579 | Gauntlet | Noticed a reaper
 14596 | Gauntlet | Found a transporter.
 14597 | Gauntlet | Found a transporter.
 14605 | Gauntlet | Found a transporter.
 14609 | Gauntlet | Found a transporter.
 14766 | Gauntlet | Noticed a wolf spider
 14766 | Gauntlet | a snapping turtle changed into a wolf spider
 14769 | Gauntlet | Noticed a boulder beetle
 14769 | Gauntlet | a wolf spider changed into a boulder beetle
 14866 | Gauntlet | Noticed a radroach
 14867 | Gauntlet | Noticed a wolf spider
 14867 | Gauntlet | a radroach changed into a wolf spider
 14900 | Gauntlet | Noticed a shining eye
 14900 | Gauntlet | a wolf spider changed into a shining eye
 14941 | Gauntlet | Noticed a swamp dragon
 14941 | Gauntlet | a shining eye changed into a swamp dragon
 14950 | Gauntlet | a swamp dragon changed into a yaktaur
 14971 | Gauntlet | Noticed a fire crab
 14971 | Gauntlet | a spriggan changed into a fire crab
 14975 | Gauntlet | a fire crab changed into a wind drake
 14994 | Gauntlet | Noticed a fire crab
 14994 | Gauntlet | a salamander changed into a fire crab
 14995 | Gauntlet | Noticed a swamp dragon
 14995 | Gauntlet | a fire crab changed into a swamp dragon
 15236 | Gauntlet | Identified the +0 ring mail of Tulips {Rampage rPois Str-4}
 15236 | Gauntlet | Noticed a minotaur
 15251 | Gauntlet | Killed a minotaur
 15426 | D:14     | Noticed a centaur warrior
 15440 | D:14     | Killed a centaur warrior
 15635 | D:13     | Noticed a centaur warrior
 15750 | D:14     | Noticed a tengu warrior
 15815 | D:12     | Found a frozen archway.
 15844 | IceCv    | Entered an ice cave
 15867 | IceCv    | Slain by an entropy weaver simulacrum

Illustrated notes

Levels and vault maps discovered:
D:1:      scummos_arrival_star, layout_basic, chequers_ecumenical_altar_lobes,
          nrook_mini_vaults, roderic_lattice_a
D:2:      minmay_alternating_diamond, layout_basic, uniq_sigmund, uniq_robin,
          uniq_terence
D:3:      layout_basic, nicolae_vehumet_altar_sigil, lemuel_tele_altar,
          mainiacjoe_overflow_two_lobes, hex_intersection
D:4:      layout_basic, mainiacjoe_overflow_tiny_flanked, enter_ossuary_4,
          minmay_misc_feat_secret_circle
D:5:      layout_rooms, dancing_weapons_uskayaw, mainiacjoe_overflow_24_doors,
          ashenzari_altar_1, temple_statues
D:6:      layout_basic, nicolae_qazlal_general_emergency,
          kennysheep_windowed_goal, uniq_maggie
D:7:      layout_gridville, serial_shops, shop
D:8:      cheibrodos_helix_gallery, layout_loops_corners, uniq_psyche
D:9:      kennysheep_ambush_hall, layout_basic, serial_aquarium,
          aquarium_bridge_square [aquarium_subvault_wall,
          aquarium_subvault_window, aquarium_subvault_bridge,
          aquarium_subvault_wall], aquarium_bridge_long_separate
          [aquarium_subvault_wall, aquarium_subvault_bridge,
          aquarium_subvault_wall, aquarium_subvault_window,
          aquarium_subvault_bridge, aquarium_subvault_bridge],
          aquarium_window_fake, aquarium_window_1, aquarium_window_fake,
          aquarium_view_2g, aquarium_balcony_3a, aquarium_pool_2
D:10:     layout_long_grid, lair_entry_dummy
D:11:     layout_stronghold
D:12:     layout_roguey, portal_ice_cave_entry_ice_simulacra, serial_shops, shop
D:13:     layout_roguey, hangedman_corner_corridor, uniq_kirke
D:14:     layout_rooms, lightli_vaults_fourway_checkpoint, kennysheep_doodads,
          gauntlet_entry_generic
IceCv:    ice_cave_hellmonk_azure_passage

Skill      XL: |  1  2  3  4  5  6  7  8  9 10 11 |
---------------+----------------------------------+-----
Axes           | 4 5 6 7 8 9 10 11 | 11.7
Fighting       | 4 5 6 7 8 9 10 | 10.9
Dodging        | 3 4 5 6 7 8 |  8.1
Stealth        | 1 2 3 4 5 6 |  6.7
Armour         | 3 4 6 7 8 9 |  9.8
Evocations     | 1 2 4 5 |  5.8

Action                   |  1- 3 |  4- 6 |  7- 9 | 10-12 || total
-------------------------+-------+-------+-------+-------++-------
Melee: Hand axe          |    84 |    92 |   267 |    57 ||   500
       Headbutt          |    10 |    20 |    54 |    57 ||   141
       Punch             |     1 |     1 |     4 |     5 ||    11
       War axe           |       |       |       |   162 ||   162
Invok: Berserk           |       |     3 |     8 |    11 ||    22
       Trog's Hand       |       |     1 |     2 |     1 ||     4
Evoke: Wand              |       |       |     6 |    14 ||    20
  Use: Scroll            |     2 |     3 |     9 |     4 ||    18
       Potion            |       |       |     2 |     3 ||     5
 Stab: Paralysed         |       |       |       |     6 ||     6
Armor: Leather armour    |    40 |     4 |       |       ||    44
       Animal skin       |     2 |       |       |       ||     2
       Chain mail        |       |    28 |   117 |       ||   145
       Plate armour      |       |       |    10 |   157 ||   167
       Skin              |       |       |       |    18 ||    18
Dodge: Dodged            |    55 |    55 |   123 |   163 ||   396
